 Dungeon Crawl Stone Soup version 0.24-a0-201-gf205589 (webtiles) character file.

Game seed: 542074812919829639

63 Ivan the Ducker (level 3, -4/22 HPs)
             Began as a Deep Elf Abyssal Knight on Mar 24, 2019.
             Was a Follower of Lugonu.
             Killed from afar by Sigmund (5 damage)
             ... with a puff of flame
             ... on level 3 of the Dungeon.
             The game lasted 00:06:21 (2102 turns).

Ivan the Ducker (Deep Elf Abyssal Knight)           Turns: 2102, Time: 00:06:22

Health: -4/22      AC:  9    Str: 10    XL:     3   Next: 87%
Magic:  6/6        EV:  9    Int: 21    God:    Lugonu [*.....]
Gold:   37         SH:  0    Dex: 14    Spells: 2/2 levels left

rFire    . . .     SeeInvis .   a - +1 mace
rCold    . . .     Gourm    .   (no shield)
rNeg     . . .     Faith    .   m - +0 scale mail
rPois    .         Spirit   .   (no helmet)
rElec    .         Reflect  .   (no cloak)
rCorr    .         Harm     .   (no gloves)
MR       .....                  (no boots)
Stlth    ..........             b - amulet of magic regeneration
HPRegen  0.07/turn              i - +3 ring of protection
MPRegen  0.35/turn              (no ring)

@: brilliant, flying, hasted, very quick
A: no striking features
a: Depart the Abyss, Renounce Religion


You were on level 3 of the Dungeon.
You worshipped Lugonu.
Lugonu was aware of your devotion.
You were not hungry.

You visited 1 branch of the dungeon, and saw 3 of its levels.
You visited the Abyss 1 time.

You collected 37 gold pieces.

Inventory:

Hand Weapons
 a - a +1 mace (weapon)
Armour
 m - a +0 scale mail (worn)
Jewellery
 b - an amulet of magic regeneration (around neck)
 i - a +3 ring of protection (left hand)
Scrolls
 e - a scroll of teleportation {unknown}
 f - a scroll of magic mapping {unknown}
 g - 5 scrolls of identify {unknown}
 k - a scroll of immolation {unknown}
 n - a scroll of enchant armour {unknown}
 o - a scroll of blinking {unknown}
Potions
 d - a potion of brilliance
 h - 2 potions of curing
 j - a potion of flight
Comestibles
 c - 4 rations


   Skills:
 + Level 2.9 Fighting
 + Level 2.3 Maces & Flails
 + Level 1.1 Armour
 + Level 3.0 Dodging
 + Level 0.1 Stealth
 + Level 2.0 Invocations


You had 2 spell levels left.
You didn't know any spells.
Your spell library was empty.

Dungeon Overview and Level Annotations

Branches:
Dungeon (3/15)

Altars:
Qazlal

Annotations:
D:3 Sigmund


Message History

You feel clever all of a sudden. The goblin hits you but does no damage.
It was a potion of haste.
You feel yourself speed up.
You feel less confused. The goblin hits you but does no damage.
Something hits you.
You barely miss the goblin. The goblin closely misses you.
You hit the goblin.
You kill the goblin!
Lugonu accepts your kill. Something hits you.
A leopard gecko comes into view.
The leopard gecko hisses angrily.
You see here a cursed -2 club.
You closely miss something. Something hits you!
* * * LOW HITPOINT WARNING * * *
You miss something.
You hear some strange, mumbled words.
A puff of flame appears from out of thin air!
The puff of flame hits you.
You die...

.# #...#######
.#######.........#
.#........รท......#
..................
.................##
...#####...##.##..
...# #.........# #
..##
#...##.#####.#.##.
###
###.......{@l.$.....
#.......##.#####.###
#..<...[.#.#
#........#.#
#........)..#
#[##......... #.
####.#.#### . #.#.#
#.#.#


You could see a leopard gecko.

Vanquished Creatures
  2 adders
  An ooze (D:1)
  3 leopard geckos
  5 bats
  A giant cockroach (D:1)
  4 goblins
  5 hobgoblins (D:1)
  4 kobolds
  7 frilled lizards
  5 rats
37 creatures vanquished.

Notes
Turn   | Place    | Note
-------+----------+-------------------------------------------
     0 | Abyss:1  | Ivan the Deep Elf Abyssal Knight began the quest for the
                  | Orb.
     0 | Abyss:1  | Reached XP level 1. HP: 13/13 MP: 4/4
    92 | D:1      | Escaped the Abyss
   306 | D:1      | Noticed a black mamba
   306 | D:1      | Noticed an iguana
   307 | D:1      | Noticed a swamp worm
   307 | D:1      | Noticed a hound
   414 | D:1      | Reached XP level 2. HP: 9/18 MP: 5/5
   599 | D:1      | Reached * piety under Lugonu
   720 | D:1      | Reached XP level 3. HP: 20/22 MP: 6/6
  1047 | D:2      | Found a stormy altar of Qazlal.
  1180 | D:2      | Reached skill level 1 in Armour
  1243 | D:2      | Reached skill level 3 in Dodging
  2078 | D:3      | Noticed Sigmund
  2101 | D:3      | HP: 1/22 [something (9)]
  2102 | D:3      | Killed from afar by Sigmund

Levels and vault maps discovered:
D:1:      onia_arrival_zoo_common, layout_basic, nrook_mini_vaults
D:2:      layout_basic, old_standard_altar
D:3:      layout_loops_cross, uniq_sigmund
Abyss:1

Skill      XL: |  1  2  3 |
---------------+----------+-----
Armour         | 1 |  1.1
Maces & Flails | 2 |  2.3
Dodging        | 3 |  3.0
Fighting       | |  2.9
Stealth        | |  0.1
Invocations    | |  2.0

Action                   || total
-------------------------++-------
Melee: Mace              ||   156
Invok: Depart the Abyss  ||     1
  Use: Potion            ||     4
 Stab: Sleeping          ||     1
  Eat: Chunk             ||     4
Armor: Leather armour    ||    28
       Scale mail        ||    48
       Ring mail         ||     7
       Skin              ||     1
Dodge: Dodged            ||   119

Table legend:
 A = Non-vault XP
 B = Vault XP
 C = Vault XP percentage of total XP
 D = Non-vault monster count
 E = Vault monster count
 F = Vault count percentage of total count
                 A         B        C        D         E       F
            +---------+---------+-------+---------+---------+-------
      Total |      90 |       0 |   0.0 |      37 |       0 |   0.0
            +---------+---------+-------+---------+---------+-------
        D:1 |      46 |       0 |   0.0 |      23 |       0 |   0.0
        D:2 |      25 |       0 |   0.0 |      10 |       0 |   0.0
        D:3 |      19 |       0 |   0.0 |       4 |       0 |   0.0
            +---------+---------+-------+---------+---------+-------
